 Dungeon Crawl Stone Soup version 0.25-a0-424-g80bd347 (webtiles) character file.

Game seed: 11512936029781892813, levelgen mode: deterministic

4925 2tousent the Summoner (level 10, -5/74 HPs)
             Began as a Gnoll Summoner on Jan 22, 2020.
             Was a High Priest of Cheibriados.
             Slain by a frost giant
             ... wielding a +0 battleaxe of freezing
              (10 damage)
             ... on level 9 of the Dungeon.
             The game lasted 00:27:47 (10669 turns).

2tousent the Summoner (Gnoll Summoner)             Turns: 10669, Time: 00:27:49

Health: -5/74      AC:  6    Str: 27    XL:     10   Next: 52%
Magic:  23/30      EV: 20    Int: 34    God:    Cheibriados [*****.]
Gold:   438        SH:  0    Dex: 35    Spells: 14/23 levels left

rFire    . . .     SeeInvis .   x - +3 long sword of Cobwebs {venom, rElec MP+9 Dex+4}
rCold    . . .     Gourm    .   (no shield)
rNeg     + . .     Faith    +   m - +0 leather armour
rPois    +         Spirit   .   (no helmet)
rElec    +         Reflect  .   (no cloak)
rCorr    .         Harm     .   u - +0 pair of gloves
MR       +....                  L - +0 pair of boots
Stlth    ++++......             z - amulet "Lenocaym" {Faith rPois MR+ Int+3 Dex+3}
HPRegen  0.22/turn              v - ring of positive energy
MPRegen  0.22/turn              (no ring)

@: very slow
A: distributed training, fangs 1, strong nose
a: Bend Time, Temporal Distortion, Slouch, Step From Time, Renounce Religion


You were on level 9 of the Dungeon.
You worshipped Cheibriados.
Cheibriados was extremely pleased with you.
You were not hungry.

You visited 2 branches of the dungeon, and saw 10 of its levels.
You also visited: Sewer.

You collected 438 gold pieces.

Inventory:

Hand Weapons
 a - a +0 spear
 b - a +0 vampiric dagger
 x - the +3 long sword of Cobwebs (weapon) {venom, rElec MP+9 Dex+4}
   (You found it on level 4 of the Dungeon)

   It poisons the flesh of those it strikes.
   It affects your dexterity (+4).
   It insulates you from electricity.
   It affects your magic capacity (+9).
Missiles
 A - 4 silver javelins (quivered)
 G - 2 throwing nets
Armour
 l - a +0 robe
 m - a +0 leather armour (worn)
 u - a +0 pair of gloves (worn)
 L - a +0 pair of boots (worn)
Magical Staves
 t - an uncursed staff of air
Jewellery
 k - an uncursed amulet of inaccuracy
 v - a ring of positive energy (left hand)
 z - the amulet "Lenocaym" (around neck) {Faith rPois MR+ Int+3 Dex+3}
   (You found it on level 5 of the Dungeon)

   [amulet of faith]

   It allows you to gain divine favour quickly.
   It affects your intelligence (+3).
   It affects your dexterity (+3).
   It protects you from poison.
   It affects your resistance to hostile enchantments.
 J - an uncursed amulet of regeneration {unknown}
Wands
 j - a wand of paralysis (13)
 r - a wand of enslavement (10)
 E - a wand of polymorph (10)
 K - a wand of disintegration (8)
Scrolls
 g - 4 scrolls of enchant weapon
 i - 4 scrolls of magic mapping
 n - 4 scrolls of teleportation
 s - a scroll of amnesia
 y - 3 scrolls of remove curse
 B - 3 scrolls of identify
 C - a scroll of random uselessness {unknown}
 I - 2 scrolls of enchant armour {unknown}
Potions
 d - a potion of berserk rage {unknown}
 e - 3 potions of might
 f - a potion of cancellation {unknown}
 h - 5 potions of heal wounds
 o - 2 potions of flight
 p - 2 potions of haste {unknown}
 q - 5 potions of agility
 w - 3 potions of lignification {unknown}
 D - a potion of mutation {unknown}
 F - a potion of brilliance {unknown}
 H - a potion of ambrosia {unknown}
Comestibles
 c - 11 rations
 M - 7 chunks of flesh


   Skills:
 + Level 5.2 Fighting
 + Level 5.2 Short Blades
 + Level 5.2 Long Blades
 + Level 5.2 Axes
 + Level 5.2 Maces & Flails
 + Level 5.2 Polearms
 + Level 5.2 Staves
 + Level 5.2 Slings
 + Level 5.2 Bows
 + Level 5.2 Crossbows
 + Level 5.2 Throwing
 + Level 5.2 Armour
 + Level 7.0 Dodging
 + Level 6.8 Stealth
 + Level 5.2 Shields
 + Level 5.2 Unarmed Combat
 + Level 7.3 Spellcasting
 + Level 4.3 Conjurations
 + Level 4.3 Hexes
 + Level 4.3 Charms
 + Level 8.4 Summonings
 + Level 4.3 Necromancy
 + Level 4.3 Translocations
 + Level 4.3 Transmutations
 + Level 4.3 Fire Magic
 + Level 4.3 Ice Magic
 + Level 4.3 Air Magic
 + Level 4.3 Earth Magic
 + Level 4.3 Poison Magic
 + Level 5.8 Invocations
 + Level 5.2 Evocations


You had 14 spell levels left.
You knew the following spells:

 Your Spells              Type           Power        Failure   Level  Hunger
a - Summon Lightning Spi  Summ/Air       ######..     2%          4    None
b - Call Imp              Summ           ######..     1%          2    None
c - Call Canine Familiar  Summ           ######..     1%          3    None

Your spell library contained the following spells:

 Spells                   Type           Power        Failure   Level  Hunger
 Animate Skeleton         Necr           N/A          1%          1    None
 Pain                     Necr           ####         1%          1    None
 Summon Small Mammal      Summ           ####         1%          1    None
 Summon Guardian Golem    Hex/Summ       ######..     1%          3    None
 Vampiric Draining        Necr           #####.....   1%          3    None
 Summon Ice Beast         Ice/Summ       ######..     2%          4    None
 Animate Dead             Necr           N/A          6%          4    None
 Agony                    Necr           #####...     19%         5    ####...


Dungeon Overview and Level Annotations

Branches:
Dungeon (9/15)             Temple (1/1) D:6             Orc (0/2) D:9
  Sewer (visited)
   Lair: D:8-11

Altars:
Ashenzari
Cheibriados
Dithmenos
Elyvilon
Fedhas
Gozag
Hepliaklqana
Kikubaaqudgha
Makhleb
Nemelex Xobeh
Okawaru
Qazlal
Ru
Sif Muna
Trog
Uskayaw
Vehumet
Wu Jian
Xom
Yredelemnul
Zin
The Shining One

Shops:
D:5 *   D:6 [


Innate Abilities, Weirdness & Mutations

Your experience applies equally to all skills.
You have very sharp teeth.
Your uncanny sense of smell can sniff out nearby items.


Message History

Confirm with . or Enter, or press ? or * to list all spells.
Aiming: Summon Lightning Spire (safe; 2% risk of failure)
Press: ? - help, Dir - move target cursor An electric hum fills the air.
The frost giant hits you with a +0 battleaxe of freezing!!!
Ouch! That really hurt!
The frost giant freezes you.
The frost giant barely misses your lightning spire.
Unknown command.
Casting: Summon Lightning Spire (safe; 2% risk of failure)
Confirm with . or Enter, or press ? or * to list all spells.
Your lightning spire shoots out a bolt of lightning at the frost giant!
The bolt of electricity hits the frost giant!
You swap places.
Your wolf bites the frost giant but does no damage.
Your wolf bites the frost giant.
The frost giant hits you with a +0 battleaxe of freezing!!
* * * LOW HITPOINT WARNING * * *
The frost giant freezes you!
You die...

#########.......# #....
#...............# ####....
#..........<....# #.......
###...............###.......
#...........................
#...........................
#........######...........##
###........#....####........#.
#..........#.@.....###......#.
#..........#8Ch......##.....##
#..........##T#####'####....#
#..........#... #...#.#....#
#######....#... ##..'.##...#
#....#.... ##.#..#...##
#######....##### ###..#....#
#..........# #..##...#
########...# ∆∆∆ #...#...#


You could see a frost giant, a deep troll earth mage, a friendly wolf and a
friendly lightning spire.

Vanquished Creatures
  Maggie (D:7)
  Grinder (D:6)
  2 hippogriffs (D:9)
  2 yaks (D:9)
  A two-headed ogre zombie (D:9)
  A sky beast (D:9)
  2 ice beasts
  A phantom (D:9)
  A centaur (D:6)
  4 ogres
  2 big kobolds (D:7)
  3 bullfrogs
  4 scorpions
  7 killer bees
  A troll zombie (D:9)
  A vampire bat (D:3)
  A wight (D:6)
  3 howler monkeys (D:7)
  2 bullfrog zombies
  2 crimson imps
  A centaur skeleton (D:6)
  2 jellies
  2 orc priests (D:7)
  2 hounds
  A gnoll shaman (D:7)
  An orc wizard (D:7)
  A bullfrog skeleton (D:5)
  6 worker ants
  An iguana (D:7)
  3 ogre zombies (D:9)
  2 hound skeletons
  4 gnolls
  2 adders
  A river rat (D:4)
  A shadow imp (D:5)
  3 adder skeletons
  A dart slug (D:1)
  4 leopard geckos
  11 orcs
  5 ball pythons
  6 bats
  3 bat skeletons (D:3)
  3 bat zombies (D:3)
  2 giant cockroaches
  5 goblins
  6 hobgoblins
  10 jackals
  A quokka (D:7)
  5 frilled lizards
  2 goblin zombies (D:9)
  2 hobgoblin skeletons (D:9)
  2 hobgoblin zombies (D:9)
  10 kobolds
  4 orc zombies (D:9)
  A quokka skeleton (D:7)
  6 rats
164 creatures vanquished.

Vanquished Creatures (collateral kills)
  Sigmund (D:2)
  4 yaks (D:9)
  A hungry ghost (D:9)
  Purgy (Sewer)
  A phantom (D:4)
  An ice beast (D:7)
  An ogre (D:4)
  A scorpion (D:8)
  A troll zombie (D:9)
  5 killer bees
  8 wights
  A lava snake (D:9)
  A crimson imp (D:7)
  3 orc priests
  3 orc wizards
  A worker ant (D:4)
  2 ogre zombies (D:9)
  2 adders
  6 gnolls
  An ooze (D:4)
  2 worms
  A dart slug (D:1)
  3 leopard geckos
  10 orcs
  2 ball pythons (Sewer)
  A giant cockroach (D:1)
  A hobgoblin (D:1)
  5 jackals
  4 bats (D:1)
  10 frilled lizards
  3 goblin skeletons (D:9)
  A goblin zombie (D:9)
  4 kobolds
  11 orc zombies (D:9)
  5 rats
108 creatures vanquished.

Grand Total: 272 creatures vanquished

Notes
Turn   | Place    | Note
-------+----------+-------------------------------------------
     0 | D:1      | 2tousent the Gnoll Summoner began the quest for the Orb.
     0 | D:1      | Reached XP level 1. HP: 13/13 MP: 6/6
   124 | D:1      | Reached XP level 2. HP: 2/19 MP: 3/7
   426 | D:1      | Learned a level 2 spell: Call Imp
   659 | D:1      | Reached XP level 3. HP: 23/25 MP: 9/9
   762 | D:1      | Reached skill level 5 in Spellcasting
  1445 | D:1      | Learned a level 3 spell: Call Canine Familiar
  1625 | D:2      | Reached skill level 1 in Invocations
  2218 | D:2      | Noticed Sigmund
  2234 | D:2      | Killed Sigmund
  2234 | D:2      | Reached skill level 1 in Fighting
  2234 | D:2      | Reached skill level 1 in Short Blades
  2234 | D:2      | Reached skill level 1 in Long Blades
  2234 | D:2      | Reached skill level 1 in Axes
  2234 | D:2      | Reached skill level 1 in Maces & Flails
  2234 | D:2      | Reached skill level 1 in Polearms
  2234 | D:2      | Reached skill level 1 in Staves
  2234 | D:2      | Reached skill level 1 in Slings
  2234 | D:2      | Reached skill level 1 in Bows
  2234 | D:2      | Reached skill level 1 in Crossbows
  2234 | D:2      | Reached skill level 1 in Throwing
  2234 | D:2      | Reached skill level 1 in Armour
  2234 | D:2      | Reached skill level 1 in Shields
  2234 | D:2      | Reached skill level 1 in Unarmed Combat
  2234 | D:2      | Reached skill level 1 in Conjurations
  2234 | D:2      | Reached skill level 1 in Hexes
  2234 | D:2      | Reached skill level 1 in Charms
  2234 | D:2      | Reached skill level 1 in Necromancy
  2234 | D:2      | Reached skill level 1 in Translocations
  2234 | D:2      | Reached skill level 1 in Transmutations
  2234 | D:2      | Reached skill level 1 in Fire Magic
  2234 | D:2      | Reached skill level 1 in Ice Magic
  2234 | D:2      | Reached skill level 1 in Air Magic
  2234 | D:2      | Reached skill level 1 in Earth Magic
  2234 | D:2      | Reached skill level 1 in Poison Magic
  2234 | D:2      | Reached skill level 1 in Evocations
  2234 | D:2      | Reached XP level 4. HP: 10/32 MP: 2/11
  2234 | D:2      | Reached XP level 5. HP: 12/37 MP: 2/12
  2802 | D:4      | Learned a level 4 spell: Summon Lightning Spire
  2863 | D:4      | Found a glowing drain.
  2867 | Sewer    | Entered a sewer
  2976 | Sewer    | Noticed Purgy
  2982 | Sewer    | Killed Purgy
  2983 | Sewer    | Reached XP level 6. HP: 36/44 MP: 6/13
  3398 | D:4      | Noticed a phantom
  3424 | D:4      | Reached skill level 5 in Dodging
  3428 | D:4      | Killed a phantom
  4001 | D:3      | Found an ancient bone altar of Kikubaaqudgha.
  4028 | D:3      | Reached XP level 7. HP: 38/50 MP: 11/15
  4889 | D:4      | Got an encrusted long sword
  4889 | D:4      | Identified the +3 long sword of Cobwebs {venom, rElec MP+9
                  | Dex+4} (You found it on level 4 of the Dungeon)
  4944 | D:5      | Entered Level 5 of the Dungeon
  4944 | D:5      | Found Jeteut's Assorted Antiques.
  5178 | D:5      | Found an iron altar of Okawaru.
  5446 | D:5      | Got a clouded silver amulet
  5504 | D:5      | Identified the amulet "Lenocaym" {Faith rPois MR+ Int+3
                  | Dex+3} (You found it on level 5 of the Dungeon)
  5620 | D:6      | Reached skill level 5 in Stealth
  5710 | D:6      | Noticed Grinder
  5743 | D:6      | Killed Grinder
  5743 | D:6      | Reached XP level 8. HP: 57/57 MP: 16/16
  5873 | D:6      | Found Cicedd's Armour Shoppe.
  5892 | D:6      | Found a staircase to the Ecumenical Temple.
  5904 | Temple   | Entered the Ecumenical Temple
  5912 | Temple   | Became a worshipper of Cheibriados the Contemplative
  7035 | D:7      | Reached * piety under Cheibriados
  7168 | D:7      | Reached ** piety under Cheibriados
  7408 | D:7      | Reached XP level 9. HP: 62/65 MP: 18/18
  7460 | D:7      | Found an opulent altar of Gozag.
  7633 | D:7      | Found a stormy altar of Qazlal.
  7944 | D:8      | Noticed Maggie
  7954 | D:7      | Killed Maggie
  8073 | D:8      | Reached *** piety under Cheibriados
  8073 | D:8      | Reached skill level 8 in Summonings
  9193 | D:9      | Reached skill level 5 in Invocations
  9275 | D:9      | Reached **** piety under Cheibriados
  9507 | D:9      | Reached XP level 10. HP: 66/73 MP: 19/20
  9528 | D:9      | Reached skill level 5 in Fighting
  9528 | D:9      | Reached skill level 5 in Short Blades
  9528 | D:9      | Reached skill level 5 in Long Blades
  9528 | D:9      | Reached skill level 5 in Axes
  9528 | D:9      | Reached skill level 5 in Maces & Flails
  9528 | D:9      | Reached skill level 5 in Polearms
  9528 | D:9      | Reached skill level 5 in Staves
  9528 | D:9      | Reached skill level 5 in Slings
  9528 | D:9      | Reached skill level 5 in Bows
  9528 | D:9      | Reached skill level 5 in Crossbows
  9528 | D:9      | Reached skill level 5 in Throwing
  9528 | D:9      | Reached skill level 5 in Armour
  9528 | D:9      | Reached skill level 5 in Shields
  9528 | D:9      | Reached skill level 5 in Unarmed Combat
  9528 | D:9      | Reached skill level 5 in Evocations
  9753 | D:9      | Reached ***** piety under Cheibriados
  9772 | D:9      | Found a staircase to the Orcish Mines.
 10666 | D:9      | Noticed a frost giant
 10666 | D:9      | Noticed a deep troll earth mage
 10669 | D:9      | Slain by a frost giant

Levels and vault maps discovered:
D:1:      dpeg_arrival_tiny_h, layout_basic
D:2:      layout_loops_ring, serial_forest, infiniplex_forest_clump_small,
          infiniplex_forest_straight_3, infiniplex_forest_end_1,
          infiniplex_forest_3_way, infiniplex_forest_lined_corner,
          infiniplex_forest_end_3, infiniplex_forest_lined_2,
          infiniplex_forest_lined_room_2, infiniplex_forest_lined_2,
          minmay_lizard_king, uniq_sigmund
D:3:      layout_basic, kennysheep_vampire_church
D:4:      layout_cave_pools, gup_sewer_entry_bowl
D:5:      layout_gridville, lemuel_round_altar, serial_shops, shop,
          first_ration, corexii_leaking_fountain, minmay_tree_intersection,
          grunt_ministairs_2, water_maze_lemuel
D:6:      layout_basic, minmay_temple_entry_mini_moons, serial_shops, shop,
          uniq_grinder
D:7:      layout_loops_ring, grunt_qazlal_sundering, kennysheep_mini_moat,
          nicolae_water_bricks, grunt_ogre_cave
D:8:      lemuel_ice_spiral_2, layout_basic, uniq_maggie
D:9:      minmay_sliced_demisemicircle, layout_irregular_city,
          zombieorc2_lemuel, kennysheep_dice
Temple:   nicolae_temple_no_exploring_needed

Skill      XL: |  1  2  3  4  5  6  7  8  9 10 |
---------------+-------------------------------+-----
Spellcasting   | 5 6 7 |  7.3
Invocations    | 1 2 3 4 5 |  5.8
Fighting       | 1 2 3 4 5 |  5.2
Short Blades   | 1 2 3 4 5 |  5.2
Long Blades    | 1 2 3 4 5 |  5.2
Axes           | 1 2 3 4 5 |  5.2
Maces & Flails | 1 2 3 4 5 |  5.2
Polearms       | 1 2 3 4 5 |  5.2
Staves         | 1 2 3 4 5 |  5.2
Slings         | 1 2 3 4 5 |  5.2
Bows           | 1 2 3 4 5 |  5.2
Crossbows      | 1 2 3 4 5 |  5.2
Throwing       | 1 2 3 4 5 |  5.2
Armour         | 1 2 3 4 5 |  5.2
Shields        | 1 2 3 4 5 |  5.2
Unarmed Combat | 1 2 3 4 5 |  5.2
Conjurations   | 1 2 3 4 |  4.3
Hexes          | 1 2 3 4 |  4.3
Charms         | 1 2 3 4 |  4.3
Necromancy     | 1 2 3 4 |  4.3
Translocations | 1 2 3 4 |  4.3
Transmutations | 1 2 3 4 |  4.3
Fire Magic     | 1 2 3 4 |  4.3
Ice Magic      | 1 2 3 4 |  4.3
Air Magic      | 1 2 3 4 |  4.3
Earth Magic    | 1 2 3 4 |  4.3
Poison Magic   | 1 2 3 4 |  4.3
Evocations     | 1 2 3 4 5 |  5.2
Dodging        | 5 6 7 |  7.0
Stealth        | 5 6 |  6.8
Summonings     | 8 |  8.4

Action                   |  1- 3 |  4- 6 |  7- 9 | 10-12 || total
-------------------------+-------+-------+-------+-------++-------
Melee: Unarmed           |   146 |    52 |       |       ||   198
       Bite              |    17 |    13 |    53 |    18 ||   101
       Spear             |       |    91 |    65 |       ||   156
       Dagger            |       |     4 |       |       ||     4
       Punch             |       |     1 |     9 |     3 ||    13
       Long sword        |       |       |   219 |    75 ||   294
 Cast: Summon Small Mamm |     5 |       |       |       ||     5
       Call Imp          |     7 |     3 |     1 |       ||    11
       Call Canine Famil |     4 |    10 |    17 |     3 ||    34
       Summon Lightning  |       |     5 |    11 |     4 ||    20
  Use: Scroll            |     3 |     3 |     6 |       ||    12
 Stab: Sleeping          |    10 |     8 |    17 |     4 ||    39
       Distracted        |     1 |     1 |     2 |     4 ||     8
  Eat: Ration            |     1 |       |     1 |       ||     2
       Chunk             |       |     9 |    12 |     2 ||    23
Armor: Robe              |    40 |     5 |       |       ||    45
       Leather armour    |       |    34 |    44 |    12 ||    90
Dodge: Dodged            |   154 |   156 |   284 |    71 ||   665
       Rpst.: Long sword |       |       |    74 |    16 ||    90

Table legend:
 A = Non-vault XP
 B = Vault XP
 C = Vault XP percentage of total XP
 D = Non-vault monster count
 E = Vault monster count
 F = Vault count percentage of total count
                 A         B        C        D         E       F
            +---------+---------+-------+---------+---------+-------
      Total |    4757 |    2279 |  32.4 |     198 |      74 |  27.2
            +---------+---------+-------+---------+---------+-------
        D:1 |      44 |       0 |   0.0 |      28 |       0 |   0.0
        D:2 |      49 |     123 |  71.5 |      13 |       8 |  38.1
        D:3 |     143 |      63 |  30.6 |      23 |       7 |  23.3
        D:4 |     285 |      13 |   4.4 |      19 |       4 |  17.4
        D:5 |     158 |      45 |  22.2 |      10 |       1 |   9.1
        D:6 |     518 |     225 |  30.3 |      14 |       1 |   6.7
        D:7 |     937 |     452 |  32.5 |      40 |       2 |   4.8
        D:8 |     712 |       0 |   0.0 |      23 |       0 |   0.0
        D:9 |    1911 |    1279 |  40.1 |      28 |      44 |  61.1
      Sewer |       0 |      79 | 100.0 |       0 |       7 | 100.0
            +---------+---------+-------+---------+---------+-------
